 Dungeon Crawl Stone Soup version 0.28-a0-919-g0b5b508569 (webtiles) character file.

Game seed: 1959711802097960905

146624 karkarkar the Warrior (level 17, -7/170 HPs)
             Began as a Hill Orc Fighter on Nov 24, 2021.
             Was a High Priest of Okawaru.
             Blown up by an orb spider (44 damage)
             ... with an orb of destruction
             ... on level 1 of the Spider Nest on Nov 25, 2021.
             The game lasted 02:06:06 (32276 turns).

karkarkar the Warrior (Hill Orc Fighter)           Turns: 32276, Time: 02:06:07

Health: -7/170     AC: 43    Str: 28    XL:     17   Next: 45%
Magic:  15/15      EV:  6    Int: 10    God:    Okawaru [*****.]
Gold:   238        SH: 11    Dex: 10    Spells: 16/16 levels left

rFire   . . .      SeeInvis +   a - +9 war axe of Guecsuan {vorpal, rPois Str+3 Int+2 Stlth-}
rCold   + + +      Faith    .   q - +0 kite shield
rNeg    + + +      Spirit   .   l - +14 crystal plate armour of the Skies Above {Harm Fly rCorr SInv}
rPois   +          Reflect  .   Y - +1 hat {Will+}
rElec   .          Harm     +   X - +0 cloak "Limaodgh" {rC+ Str+2}
rCorr   +          Rampage  +   V - -3 pair of gloves of Okawaru's Whim {rPois rCorr Str-3 Slay+2}
Will    ++...                   f - +2 pair of boots {rampage}
Stlth   ..........              S - amulet of regeneration
HPRegen 1.18/turn               c - ring "Zauw" {rPois rC+ rN+ MP-9 Int+2}
MPRegen 0.14/turn               N - ring "Zanek" {Drain rC+ rN+++ Int-2 Stlth+}

@: flying, studying Throwing
A: no striking features
a: Renounce Religion, Heroism, Finesse, Duel


You were on level 1 of the Spider Nest.
You worshipped Okawaru.
Okawaru was extremely pleased with you.
You visited 5 branches of the dungeon, and saw 25 of its levels.
You also visited: Sewer, Bailey and Gauntlet.

You collected 2594 gold pieces.
You spent 2356 gold pieces at shops.

Inventory:

Hand Weapons
 a - the +9 war axe of Guecsuan (weapon) {vorpal, rPois Str+3 Int+2 Stlth-}
   (Okawaru gifted it to you on level 3 of the Lair of Beasts)

   It inflicts extra damage upon your enemies.
   Str:       It affects your strength (+3).
   Int:       It affects your intelligence (+2).
   rPois:     It protects you from poison.
   Stlth:     It makes you less stealthy.
 b - a +4 broad axe of flaming
Missiles
 e - 3 silver boomerangs
 m - a throwing net
 o - 12 atropa-tipped darts
 w - 79 poisoned darts
 E - 10 curare-tipped darts
 J - 17 boomerangs (quivered)
 M - 5 javelins
 W - 6 datura-tipped darts
Armour
 f - a +2 pair of boots of rampaging (worn)
 j - a +4 plate armour of cold resistance
 l - the +14 crystal plate armour of the Skies Above (worn) {Harm Fly rCorr SInv}
   (You acquired it on level 2 of the Orcish Mines)

   SInv:      It lets you see invisible.
   Fly:       It grants you flight.
   rCorr:     It protects you from acid and corrosion.
   Harm:      It increases damage dealt and taken.
 q - a +0 kite shield (worn)
 V - the -3 pair of gloves of Okawaru's Whim (worn) {rPois rCorr Str-3 Slay+2}
   (Okawaru gifted it to you on level 5 of the Lair of Beasts)

   Str:       It affects your strength (-3).
   Slay:      It affects your accuracy & damage with ranged weapons and melee
   (+2).
   rPois:     It protects you from poison.
   rCorr:     It protects you from acid and corrosion.
 X - the +0 cloak "Limaodgh" (worn) {rC+ Str+2}
   (Okawaru gifted it to you on level 6 of the Lair of Beasts)

   Str:       It affects your strength (+2).
   rC:        It protects you from cold.
 Y - a +1 hat of willpower (worn)
Jewellery
 c - the ring "Zauw" (left hand) {rPois rC+ rN+ MP-9 Int+2}
   (You acquired it on level 13 of the Dungeon)

   [ring of positive energy]

   Int:       It affects your intelligence (+2).
   rC:        It protects you from cold.
   rPois:     It protects you from poison.
   rN:        It protects you from negative energy.
   MP:        It affects your magic capacity (-9).
 p - a ring of willpower
 N - the ring "Zanek" (right hand) {Drain rC+ rN+++ Int-2 Stlth+}
   (You acquired it in a bailey)

   [ring of protection from cold]

   Int:       It affects your intelligence (-2).
   rC:        It protects you from cold.
   rN:        It renders you almost immune to negative energy.
   Drain:     It drains your maximum health when unequipped.
   Stlth:     It makes you more stealthy.
 S - an amulet of regeneration (around neck)
Wands
 h - a wand of acid (1)
 s - a wand of mindburst (18)
 t - a wand of paralysis (4)
 F - a wand of iceblast (24)
 L - a wand of polymorph (16)
 R - a wand of flame (138)
Scrolls
 i - 11 scrolls of teleportation
 r - 5 scrolls of enchant armour
 x - 3 scrolls of fog
 I - 2 scrolls of fear
 K - a scroll of brand weapon
 O - 2 scrolls of torment
Potions
 d - 2 potions of might
 g - 8 potions of heal wounds
 k - 5 potions of lignification
 n - 2 potions of cancellation
 z - a potion of resistance
 A - 8 potions of haste
 B - 2 potions of mutation
 C - 3 potions of invisibility
 D - 11 potions of curing
Miscellaneous
 P - a condenser vane


   Skills:
 - Level 20.1 Fighting
 - Level 18.0 Axes
 * Level 12.0 Throwing
 - Level 15.7 Armour
 - Level 0.6 Dodging
 - Level 0.4 Stealth
 - Level 10.5 Shields
 - Level 10.0 Invocations
 + Level 7.9 Evocations


You had 16 spell levels left.
You didn't know any spells.
Your spell library contained the following spells:

 Spells                   Type           Power      Damage    Failure   Level
 Foxfire                  Conj/Fire      0%         2x1d4     100%        1
 Magic Dart               Conj           0%         1d3       100%        1
 Sandblast                Erth           0%         2d4       100%        1
 Corpse Rot               Necr/Air       0%         N/A       100%        2
 Passwall                 Tmut/Erth      0%         N/A       100%        2
 Poisonous Vapours        Pois/Air       0%         N/A       100%        2
 Sublimation of Blood     Necr           0%         N/A       100%        2
 Conjure Flame            Conj/Fire      0%         6-21      100%        3
 Dazzling Flash           Conj/Hex       0%         N/A       100%        3
 Ignite Poison            Fire/Tmut/Pois 0%         N/A       100%        3
 Inner Flame              Hex/Fire       0%         N/A       100%        3
 Mephitic Cloud           Conj/Pois/Air  0%         N/A       100%        3
 Ozocubu's Armour         Ice            0%         N/A       100%        3
 Stone Arrow              Conj/Erth      0%         3d7       100%        3
 Flame Wave               Conj/Fire      0%         3d3       100%        4
 Iskenderun's Mystic Bla  Conj/Tloc      0%         2d3       100%        4
 Petrify                  Tmut/Erth      0%         N/A       100%        4
 Sticky Flame             Conj/Fire      0%         2d3       100%        4
 Agony                    Necr           0%         N/A       100%        5
 Borgnjor's Vile Clutch   Necr/Erth      0%         N/A       100%        5
 Irradiate                Conj/Tmut      0%         3d13      100%        5
 Starburst                Conj/Fire      0%         6d3       100%        6
 Ozocubu's Refrigeration  Ice            0%         4d5       100%        7
 Lehudib's Crystal Spear  Conj/Erth      0%         10d2      100%        8
 Call Imp                 Summ           Unusable   N/A       N/A         2
 Animate Armour           Summ/Erth      Unusable   N/A       N/A         4
 Animate Dead             Necr           Unusable   N/A       N/A         4
 Death Channel            Necr           Unusable   N/A       N/A         6
 Haunt                    Necr/Summ      Unusable   N/A       N/A         7

Dungeon Overview and Level Annotations

Branches:
Dungeon (15/15)            Temple (1/1) D:5            Lair (6/6) D:8
 Shoals (0/4) Lair:4       Spider (1/4) Lair:3        Slime (0/5) Lair:5
    Orc (2/2) D:12            Elf (0/3) Orc:2        Vaults (0/5) D:14
 Depths (0/4) D:15          Sewer (visited)          Bailey (visited)
Gauntlet (visited)

Altars:
Cheibriados
Dithmenos
Elyvilon
Fedhas
Gozag
Hepliaklqana
Makhleb
Nemelex Xobeh
Okawaru
Qazlal
Ru
Sif Muna
Trog
Uskayaw
Vehumet
Xom
Yredelemnul
Zin
The Shining One
Jiyva

Shops:
Orc:2 [!?*

Annotations:
D:5 2 transporters
D:14 3 runed translucent doors, Foxy's ghost, journeyman FoFi
Lair:2 1 runed translucent door, Zihow's ghost, journeyman DgIE
Lair:6 exclusion: oklob plant


Message History

You block the wolf spider's attack. x2
An orb of destruction comes into view.
The orb of destruction hits you!! You block the wolf spider's attack. x2
The orb of destruction hits the wolf spider!!!
The wolf spider is blown up!
Your base Throwing skill increases to level 12!
The orb spider begins to weave its threads into a brightly glowing ball.
The orb spider weaves a glowing orb of energy.
An orb of destruction comes into view.
The wavering orb of destruction hits you!
The orb spider begins to weave its threads into a brightly glowing ball.
You rampage towards the orb spider!
The orb spider weaves a glowing orb of energy.
The wavering orb of destruction weakly hits you!
You slash the orb spider!
The orb spider is heavily wounded.
You slice the orb spider!!
You kill the orb spider!
Okawaru accepts your kill.
The orb spider weaves a glowing orb of energy.
An orb of destruction comes into view.
You feel like a meek peon again. The orb of destruction hits you!!!
The orb spider pulsates with a strange energy.
The orb spider weaves a glowing orb of energy.
The orb spider spins a strand of pure energy.
An orb of destruction comes into view.
The orb spider pulsates with a strange energy.
The orb spider weaves a glowing orb of energy.
The orb of destruction hits you!!!
* * * LOW HITPOINT WARNING * * *
An orb of destruction comes into view.
The orb spider weaves a glowing orb of energy.
The wavering orb of destruction weakly hits the orb spider!!
The orb spider spins a strand of pure energy.
Items here: ††††††.
Okay, then.
You feel much better. The orb of destruction hits you!!!
You die...

###..#†....[.#.#≈
#....^........>.≈
#.....#^.○.......
##.....s.s........
#≈#................
##≈≈................
###≈####[°○..........(
######≈≈..†.†°○.....^......
#≈#......<@○○............>.
#........††.†..............
##..........................
#...............#...........
##^.........................
≈≈........................
≈≈≈.....................
≈≈≈....................
≈≈#≈.................


You could see an orb spider (charged).

Vanquished Creatures
  An orc warlord (Bailey)
  The ghost of McGhostyFace the Thaumaturge, a journeyman GnSu of Ashenzari (Orc:2)
  An ironbound preserver (D:14)
  A stone giant (D:15)
  3 dire elephants (Lair:6)
  The ghost of Atlas the Thaumaturge, a journeyman DjEE (D:13)
  Nessos (D:13)
  2 entropy weavers (Spider:1)
  Snorg (D:10)
  A minotaur (Gauntlet)
  An ettin (Orc:2)
  A fire dragon (D:14)
  Fannar (Lair:1)
  Harold (D:9)
  9 hydras
  5 boulder beetles
  An anaconda (Lair:5)
  2 catoblepae
  Erica (D:11)
  An alligator (Lair:5)
  6 centaur warriors
  4 tengu warriors
  A death knight (D:14)
  7 two-headed ogres
  3 orc high priests (Orc:2)
  16 death yaks
  Nergalle (D:11)
  A spectral death yak (Lair:6)
  4 skeletal warriors
  A spectral anaconda (Lair:6)
  An obsidian statue (Arena)
  An orange crystal statue (Arena)
  3 orb spiders (Spider:1)
  A phantasmal warrior (D:14)
  A deep elf pyromancer (D:13)
  3 necromancers (Lair:6)
  7 orc knights
  12 ugly things
  4 manticores
  7 wolf spiders (Spider:1)
  6 orc sorcerers
  6 cyclopes
  Maurice (D:10)
  2 dire elephant zombies (Lair:6)
  36 elephants
  11 black mambas
  A gargoyle (D:12)
  A torpor snail (Lair:5)
  16 cane toads
  5 kobold demonologists
  A rime drake (Lair:4)
  Psyche (D:10)
  10 komodo dragons
  2 efreet (D:15)
  A tengu conjurer (D:15)
  5 jumping spiders (Spider:1)
  4 trolls
  2 polar bears
  The ghost of Daunt the Skirmisher, an amateur DjCA of Ignis (D:4)
  3 meliai (D:13)
  A hornet (D:8)
  9 slime creatures
  7 dream sheep (Lair:5)
  8 blink frogs
  19 redbacks (Spider:1)
  A dire elephant simulacrum (Lair:6)
  A vampire (D:13)
  A shadow (D:11)
  4 basilisks
  5 wyverns
  5 wraiths
  8 tarantellas (Spider:1)
  62 yaks
  A human (shapeshifter) (D:14)
  Grum (D:8)
  4 steam dragons
  6 wargs
  3 swamp worms (Gauntlet)
  17 water moccasins
  An acid dragon (D:12)
  45 orc warriors
  2 black bears (D:6)
  An elephant zombie (Lair:6)
  8 ogres
  16 wolves
  A phantom (D:6)
  16 centaurs
  An elephant skeleton (Lair:6)
  15 bullfrogs
  4 kobold brigands
  10 scorpions
  A gnoll sergeant (D:8)
  A cane toad simulacrum (Lair:6)
  A water moccasin zombie (D:5)
  12 killer bees
  2 elephant simulacra (Lair:6)
  10 wights
  3 howler monkeys (D:8)
  5 electric eels
  2 centaur zombies
  2 bullfrog zombies
  2 jellies (D:5)
  4 hounds
  4 iguanas
  15 orc priests
  32 orc wizards
  Terence (D:2)
  6 hell rats (Lair:2)
  A howler monkey zombie (D:3)
  17 gnolls
  2 howler monkey skeletons (D:4)
  7 river rats (Sewer)
  11 adders
  A shadow imp (D:6)
  A white imp (D:7)
  3 worms
  A dart slug (D:1)
  102 orcs
  10 ball pythons
  6 bats
  9 endoplasms
  2 giant cockroaches
  24 goblins
  27 hobgoblins
  3 jackals (D:2)
  46 kobolds
  2 quokkas
  5 frilled lizards
  22 rats
  A spectral orc (D:13)
924 creatures vanquished.

Vanquished Creatures (others)
  An ogre mage (D:15)
  A wolf spider (Spider:1)
  A redback (Spider:1)
  An orc priest (Orc:2)
  An orc wizard (Orc:2)
  25 fungi
  82 plants
  17 withered plants (Lair:6)
129 creatures vanquished.

Grand Total: 1053 creatures vanquished

Notes
Turn   | Place    | Note
-------+----------+-------------------------------------------
     0 | D:1      | karkarkar the Hill Orc Fighter began the quest for the Orb.
     0 | D:1      | Reached XP level 1. HP: 19/19 MP: 1/1
   133 | D:1      | Found a faded altar of an unknown god.
   135 | D:1      | Noticed an eye of devastation
   136 | D:1      | Noticed a floating eye
   142 | D:1      | Noticed an eye of devastation
   282 | D:1      | Reached XP level 2. HP: 23/27 MP: 2/2
   357 | D:1      | Noticed a great orb of eyes
   462 | D:1      | Reached skill level 4 in Fighting
   640 | D:1      | Reached XP level 3. HP: 33/33 MP: 3/3
  1222 | D:2      | Reached XP level 4. HP: 41/41 MP: 4/4
  2230 | D:2      | Noticed Terence
  2247 | D:2      | Killed Terence
  2485 | D:3      | Reached XP level 5. HP: 47/47 MP: 5/5
  2574 | D:3      | Reached skill level 5 in Axes
  2943 | D:4      | Found a runed translucent gate.
  2943 | D:4      | Found a runed translucent gate.
  2943 | D:4      | Found a runed translucent gate.
  2944 | D:4      | Noticed Daunt's ghost (amateur DjCA)
  3018 | D:4      | Noticed an ogre
  3133 | D:4      | Found a glowing golden altar of the Shining One.
  3198 | D:4      | Reached skill level 5 in Fighting
  3350 | D:4      | Reached XP level 6. HP: 56/56 MP: 6/6
  3714 | D:4      | Identified the +3 robe "Siluett" {Fly rPois Stlth+}
  3974 | D:5      | Entered Level 5 of the Dungeon
  4005 | D:5      | Found a transporter.
  4043 | D:5      | Reached XP level 7. HP: 47/62 MP: 7/7
  4046 | D:5      | Reached skill level 6 in Fighting
  4074 | D:5      | Reached skill level 1 in Evocations
  4176 | D:5      | Found a staircase to the Ecumenical Temple.
  4225 | D:5      | Found a glowing drain.
  4236 | Sewer    | Entered a sewer
  4380 | Sewer    | Reached skill level 1 in Throwing
  4921 | Temple   | Entered the Ecumenical Temple
  5219 | Temple   | Became a worshipper of Warmaster Okawaru
  5338 | D:5      | Found a transporter.
  5484 | D:5      | Reached XP level 8. HP: 71/71 MP: 8/8
  5516 | D:5      | Noticed a two-headed ogre
  5530 | D:5      | Killed a two-headed ogre
  5530 | D:5      | Reached * piety under Okawaru
  5530 | D:5      | Reached ** piety under Okawaru
  5531 | D:5      | Reached skill level 7 in Fighting
  6039 | D:6      | Reached XP level 9. HP: 79/81 MP: 9/9
  6423 | D:6      | Reached skill level 8 in Fighting
  7887 | D:8      | Reached *** piety under Okawaru
  8114 | D:8      | Noticed Grum
  8118 | D:8      | Noticed a hornet
  8494 | D:8      | Reached XP level 10. HP: 74/90 MP: 8/10
  8500 | D:8      | Reached skill level 9 in Fighting
  8513 | D:8      | Reached skill level 1 in Invocations
  8521 | D:8      | Killed Grum
  8743 | D:8      | Found a staircase to the Lair.
  8755 | D:8      | Reached skill level 15 in Axes
  9791 | D:9      | Reached skill level 10 in Fighting
  9792 | D:9      | Reached **** piety under Okawaru
 10682 | D:9      | Reached XP level 11. HP: 101/101 MP: 13/13
 10757 | D:10     | Entered Level 10 of the Dungeon
 10768 | D:10     | Noticed Maurice
 10809 | D:10     | Killed Maurice
 10809 | D:10     | Reached ***** piety under Okawaru
 10810 | D:10     | Reached skill level 11 in Fighting
 10839 | D:10     | Noticed Harold
 10984 | D:9      | Killed Harold
 10985 | D:9      | Reached skill level 5 in Invocations
 11249 | D:10     | Found a flagged portal.
 11263 | Bailey   | Entered a bailey
 11396 | Bailey   | Reached skill level 12 in Fighting
 11410 | Bailey   | Received a gift from Okawaru
 11571 | Bailey   | Noticed an orc warlord
 11614 | Bailey   | Killed an orc warlord
 11614 | Bailey   | Received a gift from Okawaru
 11615 | Bailey   | Reached skill level 13 in Fighting
 11996 | Bailey   | Acquired the ring "Zanek" {Drain rC+ rN+++ Int-2 Stlth+}
 12199 | D:10     | Noticed Psyche
 12250 | D:10     | Killed Psyche
 12331 | D:10     | Noticed Snorg
 12900 | D:10     | Killed Snorg
 13309 | D:10     | Reached skill level 14 in Fighting
 13309 | D:10     | Reached skill level 5 in Armour
 13309 | D:10     | Reached skill level 5 in Evocations
 13309 | D:10     | Reached XP level 12. HP: 118/118 MP: 16/18
 13394 | Lair:1   | Entered Level 1 of the Lair of Beasts
 13559 | Lair:1   | Noticed Fannar
 13580 | Lair:1   | Killed Fannar
 13640 | Lair:1   | Reached XP level 13. HP: 122/125 MP: 19/19
 13658 | Lair:1   | Reached skill level 15 in Fighting
 15327 | D:4      | Killed Daunt's ghost
 15330 | D:4      | Reached skill level 10 in Invocations
 16115 | Lair:2   | Reached skill level 16 in Fighting
 16175 | Lair:2   | Found a runed translucent door.
 16177 | Lair:2   | Noticed Zihow's ghost (journeyman DgIE)
 16179 | Lair:2   | Identified the +11 trident of Defiance {elec, rN+ Will+
                  | Dex+3}
 17598 | Lair:3   | Found a hole to the Spider Nest.
 18061 | Lair:3   | Identified the +9 war axe of Guecsuan {vorpal, rPois Str+3
                  | Int+2 Stlth-} (Okawaru gifted it to you on level 3 of the
                  | Lair of Beasts)
 18061 | Lair:3   | Received a gift from Okawaru
 18281 | Lair:3   | Reached skill level 10 in Armour
 18543 | Lair:4   | Found a staircase to the Shoals.
 18629 | Lair:4   | Reached skill level 17 in Fighting
 18631 | Lair:4   | Reached XP level 14. HP: 140/140 MP: 21/21
 18833 | Lair:4   | Reached ****** piety under Okawaru
 19390 | Lair:5   | Reached skill level 18 in Fighting
 19560 | Lair:5   | Identified the +7 halberd of Okawaru's Indignation {pain,
                  | Fragile rC++ rN+ Dex+4} (Okawaru gifted it to you on level
                  | 5 of the Lair of Beasts)
 19560 | Lair:5   | Received a gift from Okawaru
 19590 | Lair:5   | Found a staircase to the Slime Pits.
 19591 | Lair:5   | Found a viscous altar of Jiyva.
 20159 | Lair:5   | Reached skill level 19 in Fighting
 20266 | Lair:5   | Identified the -3 pair of gloves of Okawaru's Whim {rPois
                  | rCorr Str-3 Slay+2} (Okawaru gifted it to you on level 5 of
                  | the Lair of Beasts)
 20266 | Lair:5   | Received a gift from Okawaru
 20432 | Lair:6   | Entered Level 6 of the Lair of Beasts
 20439 | Lair:6   | Reached XP level 15. HP: 144/152 MP: 22/22
 20484 | Lair:6   | Found a blossoming altar of Fedhas.
 20707 | Lair:6   | Reached skill level 20 in Fighting
 21312 | Lair:6   | Identified the +0 cloak "Limaodgh" {rC+ Str+2} (Okawaru
                  | gifted it to you on level 6 of the Lair of Beasts)
 21312 | Lair:6   | Received a gift from Okawaru
 21313 | Lair:6   | Reached skill level 5 in Shields
 21859 | Lair:6   | Identified the +3 scimitar of Pojafex {vorpal, +Blink Fly
                  | rN+ Str-5}
 22149 | Arena    | Entered the Arena
 22821 | D:11     | Noticed Nergalle
 22826 | D:11     | Killed Nergalle
 22860 | D:11     | Noticed Erica
 22873 | D:11     | Killed Erica
 23882 | D:11     | Reached skill level 15 in Armour
 24118 | D:11     | Upgraded the game from 0.28-a0-909-g796cbd3a86 to
                  | 0.28-a0-919-g0b5b508569
 24486 | D:12     | Found a gate leading to a gauntlet.
 24497 | Gauntlet | Entered a Gauntlet
 24497 | Gauntlet | Found a transporter.
 24515 | Gauntlet | Found a transporter.
 24518 | Gauntlet | Found a transporter.
 24519 | Gauntlet | Found a transporter.
 24527 | Gauntlet | Found a transporter.
 24530 | Gauntlet | Found a transporter.
 24531 | Gauntlet | Found a transporter.
 24541 | Gauntlet | Found a transporter.
 24543 | Gauntlet | Found a transporter.
 24544 | Gauntlet | Found a transporter.
 24550 | Gauntlet | Found a runed translucent gate.
 24552 | Gauntlet | Found a runed translucent gate.
 24552 | Gauntlet | Found a transporter.
 24554 | Gauntlet | Found a runed translucent gate.
 24555 | Gauntlet | Found a transporter.
 24556 | Gauntlet | Found a transporter.
 24564 | Gauntlet | Found a transporter.
 24877 | Gauntlet | Got the Handbook of Black Rites and Cold
 25804 | D:12     | Reached XP level 16. HP: 161/162 MP: 23/23
 25954 | D:12     | Found a staircase to the Orcish Mines.
 25972 | Orc:1    | Entered Level 1 of the Orcish Mines
 26382 | Orc:2    | Entered Level 2 of the Orcish Mines
 26400 | Orc:2    | Received a gift from Okawaru
 26805 | Orc:2    | Found a staircase to the Elven Halls.
 27246 | Orc:1    | Found a radiant altar of Vehumet.
 27467 | Orc:2    | Found a transporter.
 27470 | Orc:2    | Noticed McGhostyFace's ghost (journeyman GnSu)
 27475 | Orc:2    | Found a transporter.
 27706 | Orc:2    | Reached skill level 5 in Throwing
 27713 | Orc:2    | Found Heowuom Caim's Antique Armour Shoppe.
 27713 | Orc:2    | Found Quukluus's Assorted Antiques.
 27722 | Orc:2    | Found Urricifa's Distillery.
 27722 | Orc:2    | Found Micw's Magic Scroll Boutique.
 27743 | Orc:2    | Bought a potion of degeneration for 16 gold pieces
 27743 | Orc:2    | Bought a potion of curing for 48 gold pieces
 27743 | Orc:2    | Bought 2 potions of might for 128 gold pieces
 27743 | Orc:2    | Bought a potion of curing for 48 gold pieces
 27753 | Orc:2    | Bought a scroll of identify for 26 gold pieces
 27759 | Orc:2    | Bought a potion of curing for 84 gold pieces
 27759 | Orc:2    | Bought a scroll of identify for 56 gold pieces
 27759 | Orc:2    | Bought a scroll of identify for 56 gold pieces
 27759 | Orc:2    | Bought a potion of heal wounds for 140 gold pieces
 27803 | Orc:2    | Bought a scroll of acquirement for 676 gold pieces
 27804 | Orc:2    | Acquired a manual of Throwing
 28240 | Orc:2    | Killed McGhostyFace's ghost
 28343 | Orc:2    | Bought a scroll of teleportation for 39 gold pieces
 28343 | Orc:2    | Bought a scroll of acquirement for 676 gold pieces
 28343 | Orc:2    | Bought a scroll of enchant weapon for 97 gold pieces
 28343 | Orc:2    | Bought a scroll of teleportation for 39 gold pieces
 28343 | Orc:2    | Bought a scroll of enchant armour for 97 gold pieces
 28343 | Orc:2    | Acquired the +14 crystal plate armour of the Skies Above
                  | {Harm Fly rCorr SInv}
 28358 | Orc:2    | Bought a kite shield for 130 gold pieces
 28521 | D:13     | Acquired the ring "Zauw" {rPois rC+ rN+ MP-9 Int+2}
 28846 | D:13     | Found a runed translucent door.
 28856 | D:13     | Noticed Atlas's ghost (journeyman DjEE)
 28872 | D:13     | Got the Handbook of Earthen Contamination
 28983 | D:13     | Noticed Nessos
 28994 | D:13     | Killed Nessos
 29555 | D:13     | Found a hazy altar of Hepliaklqana.
 29660 | D:13     | Killed Atlas's ghost
 29853 | D:14     | Received a gift from Okawaru
 29933 | D:14     | Found a runed translucent gate.
 29933 | D:14     | Found a runed translucent gate.
 29933 | D:14     | Found a runed translucent gate.
 29934 | D:14     | Noticed an acid blob
 29935 | D:14     | Noticed an acid blob
 29935 | D:14     | Noticed Foxy's ghost (journeyman FoFi)
 30071 | D:14     | Found a gate to the Vaults.
 30340 | Arena    | Entered the Arena
 30378 | D:14     | Identified the +1 robe of Kleptomania {rN+ Str-3 Dex+4}
 30480 | D:14     | Noticed a rockslime
 30500 | D:14     | Identified the +2 robe of Yddegh {+Inv Will+ Slay+6}
 30665 | D:14     | Found a viscous altar of Jiyva.
 30716 | D:15     | Entered Level 15 of the Dungeon
 30783 | D:15     | Received a gift from Okawaru
 30869 | D:15     | Reached skill level 10 in Shields
 30877 | D:14     | Reached XP level 17. HP: 105/170 MP: 13/24
 31267 | D:15     | Found a staircase to the Depths.
 32076 | Spider:1 | Entered Level 1 of the Spider Nest
 32085 | Spider:1 | Received a gift from Okawaru
 32091 | Spider:1 | Reached skill level 10 in Throwing
 32097 | Spider:1 | Received a gift from Okawaru
 32276 | Spider:1 | Blown up by an orb spider

Illustrated notes

Levels and vault maps discovered:
D:1:      dpeg_arrival_oval, layout_basic,
          hellmonk_ecumenical_altar_watching_god
D:2:      layout_loops_corners, kennysheep_generic_room_3, uniq_terence
D:3:      layout_rooms
D:4:      layout_loops_ring, nicolae_tso_carved_into_rock,
          gammafunk_ghost_nasty_kobolds, nicolae_figureground_pulse
D:5:      layout_rooms, minmay_temple_entry_waves, cheibrodos_sewer_entry_drain,
          gammafunk_ghost_gnarly_gnolls, st_stairs_4,
          nicolae_concentric_dashed_squares_mild, minivault_19,
          minmay_misc_feat_chi, grunt_ministairs_14
D:6:      layout_loops_ring
D:7:      layout_basic
D:8:      layout_cave_pods, erik_lair_orcish_takeover, uniq_grum
D:9:      layout_basic, st_stairs_8
D:10:     layout_loops_cross, enter_bailey_3, serial_aquarium,
          aquarium_bridge_straight [aquarium_subvault_bridge,
          aquarium_subvault_wall, aquarium_subvault_bridge,
          aquarium_subvault_wall], aquarium_bridge_square
          [aquarium_subvault_balcony, aquarium_subvault_balcony,
          aquarium_subvault_bridge, aquarium_subvault_balcony],
          aquarium_window_fake, aquarium_window_double, aquarium_view_2b,
          aquarium_view_2d, grunt_decor_mini_mirrors, uniq_maurice, uniq_harold,
          uniq_psyche, uniq_snorg
D:11:     layout_grid_maze, uniq_nergalle, uniq_erica
D:12:     layout_layer_cave, erik_orc_2, gauntlet_entry_generic
D:13:     layout_layer_cave, hellmonk_ghost_happy_afterlife,
          nicolae_hepliaklqana_monster_ancestors, uniq_nessos
D:14:     layout_long_grid, skrybe_vaults_entry_preservation,
          gammafunk_ghost_ooze, minmay_protected_statue
D:15:     grunt_enter_depths_snipers, layout_basic, fountainhead
Temple:   mainiacjoe_temple_trianglar_array
Lair:1:   layout_long_grid, uniq_fannar
Lair:2:   layout_loops_ring, ebering_ghost_funeral_grove
Lair:3:   layout_big_grid, nicolae_spider_entry_non_spiders
Lair:4:   layout_roguey, minmay_shoals_entry_centaurs, grunt_megastairs_1
Lair:5:   nzn_winding_woodlands_large [nzn_winding_woodlands_5x5_checkerboard,
          nzn_winding_woodlands_5x15_split_checker,
          nzn_winding_woodlands_5x5_three, nzn_winding_woodlands_center_garden,
          nzn_winding_woodlands_15x15_thick_spiral,
          nzn_winding_woodlands_center_pierced_h,
          nzn_winding_woodlands_5x5_closed_star,
          nzn_winding_woodlands_5x15_longhouse,
          nzn_winding_woodlands_5x5_default], layout_misc_corridors,
          slime_altar_1
Lair:6:   due_jungle_book, layout_misc_corridors, nicolae_quartered_pool_medium,
          minivault_19, chequers_serial_rivers_small_3, tgw_fedhas
Spider:1: layout_spider_delve, drop_trap, nicolae_looking_at_the_future
Orc:1:    cheibrodos_orc_bank, layout_caves, basic_altar, nicolae_orc_tapped_out
Orc:2:    grunt_orc_tribal_feast, layout_caves, gammafunk_ghost_smash

Skill      XL: |  1  2  3  4  5  6  7  8  9 10 11 12 13 14 15 16 17 |
---------------+----------------------------------------------------+-----
Fighting       | 4 5 6 7 8 10 14 17 19 20 | 20.1
Axes           | 3 4 6 7 8 11 14 16 17 18 | 18.0
Shields        | 4 7 10 | 10.5
Evocations     | 1 2 5 6 7 |  7.9
Throwing       | 1 2 3 8 12 | 12.0
Invocations    | 3 8 9 10 | 10.0
Armour         | 5 6 10 13 15 | 15.7
Dodging        | |  0.6
Stealth        | |  0.4

Action                   |  1- 3 |  4- 6 |  7- 9 | 10-12 | 13-15 | 16-18 || total
-------------------------+-------+-------+-------+-------+-------+-------++-------
Melee: War axe           |    97 |   175 |   317 |   402 |  1030 |   342 ||  2363
       Broad axe         |       |       |       |       |       |   137 ||   137
Throw: Dart              |       |     1 |    12 |    55 |    36 |     4 ||   108
       Boomerang         |       |     7 |    14 |    58 |    85 |    93 ||   257
       Javelin           |       |       |       |    10 |    10 |    22 ||    42
       Throwing net      |       |       |       |     2 |       |       ||     2
Invok: Heroism           |       |       |     5 |    16 |    31 |    28 ||    80
       Finesse           |       |       |       |       |     2 |     8 ||    10
       Duel              |       |       |       |       |     1 |     1 ||     2
Evoke: Wand              |       |     4 |     1 |    22 |    31 |     4 ||    62
       Condenser vane    |       |       |       |       |     1 |     1 ||     2
  Use: Scroll            |     2 |     5 |     8 |     3 |    11 |    12 ||    41
       Potion            |       |       |     1 |     5 |       |     3 ||     9
 Stab: Petrified         |       |       |       |       |     2 |       ||     2
       Petrifying        |       |       |       |       |     1 |       ||     1
Armor: Scale mail        |    62 |    23 |       |       |       |       ||    85
       Plate armour      |       |    81 |   219 |   193 |   558 |    57 ||  1108
       Crystal plate arm |       |       |       |       |       |   240 ||   240
Dodge: Dodged            |    44 |    56 |   105 |   118 |   268 |    96 ||   687
Block: Buckler           |    23 |    38 |    78 |    84 |   176 |    26 ||   425
       Kite shield       |       |       |       |       |       |   182 ||   182

Table legend: (Time is in decaauts)
 A = Elapsed time spent in this place.
 B = Non-inter-level travel time spent in this place.
 C = Inter-level travel time spent in this place.
 D = Time resting spent in this place.
 E = Time spent auto-exploring this place.
 F = Levels seen in this place.
 G = Mean time per level.
                   A        B        C        D        E       F      G
               +--------+--------+--------+--------+--------+-----+--------+
         Total |  31815 |  29258 |   2557 |   3718 |  18640 |  30 | 1060.5 |
       Dungeon |  18563 |  16933 |   1630 |   1883 |  11692 |  15 | 1237.5 |
        Temple |    321 |    298 |     23 |      0 |    293 |   1 |  321.0 |
          Lair |   8440 |   7844 |    596 |   1400 |   4786 |   6 | 1406.7 |
   Spider Nest |    151 |    151 |      0 |      0 |     43 |   1 |  151.0 |
  Orcish Mines |   2412 |   2107 |    305 |    100 |    975 |   2 | 1206.0 |
         Sewer |    698 |    698 |      0 |      0 |    518 |   1 |  698.0 |
        Bailey |    815 |    815 |      0 |    325 |    210 |   1 |  815.0 |
      Gauntlet |    378 |    378 |      0 |      0 |    122 |   1 |  378.0 |
         Arena |     34 |     34 |      0 |     10 |      0 |   2 |   17.0 |
               +--------+--------+--------+--------+--------+-----+--------+

Top non-repeatable levels by time:
  Lair:2: 1897 daAuts
     D:8: 1886 daAuts
  Lair:6: 1825 daAuts
     D:9: 1807 daAuts
  Lair:3: 1715 daAuts
    D:11: 1594 daAuts
   Orc:2: 1583 daAuts
     D:2: 1431 daAuts
     D:7: 1291 daAuts
     D:4: 1250 daAuts
    D:13: 1236 daAuts
    D:12: 1235 daAuts
  Lair:5: 1180 daAuts
     D:1: 1135 daAuts
    D:14: 1124 daAuts
